Cogmind - Beta 11 X7 @@@ ROGUE MODE // 2021.09.03 @ 23:07:08 Player: Runia Result: Self-destructed Performance ------------- Evolutions (2) 1000 Regions Visited (5) 1000 Robots Destroyed (36) 180 Value Destroyed (816) 816 Prototype IDs (0) 0 Alien Tech Used (0) 0 Bonus (-155) -155 TOTAL SCORE: 2841 Bonus ------- Follower Combat Kills 75 Friendly Fire -230 Cogmind --------- Core Integrity 153/550 Matter 133/300 Energy 100/100 System Corruption 0% Temperature Cool (32) Movement Treading (360) Ox2 Location -8/Materials Parts ------- > --- POWER (1) -------- (None) > --- PROPULSION (3) --- Light Treads > --- UTILITY (4) ------ High-capacity Storage Unit Improved Signal Interpreter Improved Light Armor Plating > --- WEAPON (3) ------- Electrolaser Grenade Launcher > --- INVENTORY (20) --- Advanced Visual Processing Unit Improved Sensor Array Transmission Jammer Utility Shielding Peak State ------------ > --- POWER ------------ Ion Engine > --- PROPULSION ------- Light Treads Wheel > --- UTILITY ---------- Improved Heat Sink High-capacity Storage Unit Improved Signal Interpreter Improved Light Armor Plating > --- WEAPON ----------- Shock Rifle Electrolaser Rocket Launcher > --- INVENTORY -------- Advanced Visual Processing Unit Improved Sensor Array Transmission Jammer Utility Shielding Particle Gun Grenade Launcher [Rating: 22] Favorites ----------- Power Light Ion Engine Engine Light Ion Engine Propulsion Light Treads Treads Light Treads Leg Aluminum Leg Wheel Wheel Utility Large Storage Unit Device Heat Sink Storage Large Storage Unit Processor Improved Signal Interpreter Protection Improved Light Armor Plating Weapon Light Assault Rifle Energy Gun Particle Gun Ballistic Gun Light Assault Rifle Launcher Grenade Launcher Build | -11 -10 -10 -10 -9 -8 ------- Run | Scr Mat Min Exi Min Mat Slots Evolved 4 | . . . . . 4 Power . | . . . . . . Propulsion 1 | . . . . . 1 Utility 2 | . . . . . 2 Weapon 1 | . . . . . 1 Parts Attached 29 | . 9 1 . . 19 Power 1 | . . . . . 1 Engine 1 | . . . . . 1 Core . | . . . . . . Reactor . | . . . . . . Propulsion 7 | . 4 . . . 3 Treads 6 | . 4 . . . 2 Leg . | . . . . . . Wheel 1 | . . . . . 1 Hover . | . . . . . . Flight . | . . . . . . Utility 7 | . 2 . . . 5 Device 3 | . 1 . . . 2 Storage 2 | . 1 . . . 1 Processor 1 | . . . . . 1 Hackware . | . . . . . . Protection 1 | . . . . . 1 Artifact . | . . . . . . Weapon 14 | . 3 1 . . 10 Energy Gun 5 | . . . . . 5 Energy Cannon . | . . . . . . Ballistic Gun 4 | . 3 . . . 1 Ballistic Cannon . | . . . . . . Launcher 5 | . . 1 . . 4 Special Weapon . | . . . . . . Impact Weapon . | . . . . . . Slashing Weapon . | . . . . . . Piercing Weapon . | . . . . . . Special Melee Weapon . | . . . . . . Unidentified Prototypes . | . . . . . . Parts Lost 13 | . . . . 1 12 Power 2 | . . . . . 2 Propulsion 4 | . . . . . 4 Utility 2 | . . . . . 2 Weapon 5 | . . . . 1 4 Highest Loss Streak 7 | . . . . 1 7 Average Slot Usage (%) 93 | . 93 100 100 91 82 Engine 13 | . 14 14 14 14 8 Treads 27 | . 27 28 28 28 24 Device 12 | . 7 14 14 14 12 Storage 13 | . 14 14 14 14 9 Processor 1 | . . . . . 8 Energy Gun 1 | . 2 . . . 8 Ballistic Gun 14 | . 25 14 14 5 5 Launcher 8 | . . 14 14 14 1 Naked Turns . | . . . . . . Heaviest Build 56 | 12 27 28 28 28 56 Greatest Support 60 | 20 40 40 40 40 60 Greatest Overweight (x) 1 | . . . . . 1 Average Overweight (x) . | . . . . . . Largest Inventory Capacity 20 | . 15 15 15 15 20 Average Capacity 15 | . 14 15 15 15 18 Most Carried 10 | . 9 9 9 9 10 Average Carried 6 | . 3 8 8 9 7 Final Capacity 20 | 8 15 15 15 15 20 Final Carried 9 | 6 9 8 9 9 4 Class Distribution -------------------- 61% | Scavenger-Mutant 38% | Mutant Dominant Class ---------------- Mutant | -10/Materials Scavenger-Mutant | -10/Mines Scavenger-Mutant | -10/Exiles Mutant | -9/Mines Scavenger-Mutant | -8/Materials Resources | -11 -10 -10 -10 -9 -8 ----------- Run | Scr Mat Min Exi Min Mat Matter Collected 659 | 150 287 75 29 15 103 Remotely . | . . . . . . Salvage Created 863 | . 404 14 . 25 420 Parts 54 | . 29 2 . 6 17 Haulers Intercepted 2 | . 1 . . . 1 Recyclers Shooed 5 | . . 1 . . 4 Parts Field Recycled . | . . . . . . Retrieved Matter . | . . . . . . Parts Self-Destructed . | . . . . . . Prevented . | . . . . . . Kills | -11 -10 -10 -10 -9 -8 ------- Run | Scr Mat Min Exi Min Mat Combat Hostiles Destroyed 33 | . 10 12 . 2 9 Guns 14 | . 10 . . . 4 AOE 19 | . . 12 . 2 5 Classes Destroyed 10 | . 5 1 . . 4 Worker 6 | . 1 2 . . 3 Builder 3 | . . . . . 3 Hauler 2 | . 1 . . . 1 Recycler 1 | . . . . . 1 Watcher 2 | . 1 . . . 1 Swarmer 5 | . 3 . . 2 . Grunt 15 | . 7 . . 1 7 Brawler 1 | . . . . . 1 Sentry 1 | . . . . . 1 Assembled 12 | . . 12 . . . Best Kill Streak 12 | . 4 12 . 2 9 Combat Bots Only 10 | . 4 10 . 2 3 Max Kills in Single Turn 3 | . 1 2 . 3 3 Gunslinging . | . . . . . . Exploded 2 | . . 2 . 2 2 Melee . | . . . . . . Uniques/NPCs Destroyed . | . . . . . . Combat | -11 -10 -10 -10 -9 -8 -------- Run | Scr Mat Min Exi Min Mat Damage Taken 2099 | . 325 147 . 83 1544 Core 464 | . 31 36 . . 397 Absorbed by Shields . | . . . . . . Core Remaining (%) 86 | 100 . . . 73 . Volleys Fired 95 | . 47 9 . 2 37 Largest 3 | . 2 1 . 1 3 Hottest 178 | . 60 30 . 30 178 Shots Fired 156 | . 94 9 . 2 51 Gun 133 | . 94 . . . 39 Cannon . | . . . . . . Launcher 23 | . . 9 . 2 12 Special . | . . . . . . Kinetic 104 | . 93 . . . 11 Thermal 27 | . . . . . 27 Explosive 23 | . . 9 . 2 12 Electromagnetic 2 | . 1 . . . 1 Robot Hit Streak 10 | . 10 7 . . 9 Robot Miss Streak 4 | . 4 . . 2 3 Penetration Max . | . . . . . . Secondary Targets 1 | . 1 . . . . Max Gunslinging Chain 1 | . 1 . . . . Shots Hit Robots 110 | . 68 6 . . 36 Core Hits 102 | . 26 27 . 8 41 Critical Kills . | . . . . . . Critical Parts Destroyed 1 | . 1 . . . . Critical Strikes 2 | . 1 . . . 1 Burn 1 | . . . . . 1 Destroy 1 | . 1 . . . . Melee Attacks . | . . . . . . Impact . | . . . . . . Slashing . | . . . . . . Piercing . | . . . . . . Sneak Attacks . | . . . . . . Combat Hostiles . | . . . . . . Follow-up Attacks . | . . . . . . Damage Inflicted 3586 | . 654 819 . 276 1837 Guns 1058 | . 654 . . . 404 Cannons . | . . . . . . Explosions 2512 | . . 819 . 276 1417 Melee . | . . . . . . Ramming 16 | . . . . . 16 Kinetic 735 | . 654 . . . 81 Thermal 305 | . . . . . 305 Explosive 2512 | . . 819 . 276 1417 Electromagnetic 18 | . . . . . 18 Impact . | . . . . . . Slashing . | . . . . . . Piercing . | . . . . . . Highest Corruption . | . . . . . . Average Corruption . | . . . . . . Corruption Purged . | . . . . . . Overload Shots . | . . . . . . Overflow Damage 73 | . . 5 . 35 33 Projectiles . | . . . . . . Explosions 73 | . . 5 . 35 33 Melee . | . . . . . . Knockbacks 1 | . . . . . 1 Impact 1 | . . . . . 1 Kinetic . | . . . . . . Secondary . | . . . . . . Self-Inflicted Damage 200 | . . 67 . 67 66 Shots 10 | . . 4 . 2 4 Rammed 4 | . . . . . 4 Targets Rammed 4 | . . . . . 4 Kicked . | . . . . . . Crushed . | . . . . . . Highest Temperature 262 | . 12 5 . . 262 Average Temperature 76 | . 7 5 . . 86 Received Heat Transfer 847 | . 132 40 . . 675 Siege Activations . | . . . . . . Robots Corrupted . | . . . . . . Combat Hostiles . | . . . . . . Parts Fried . | . . . . . . Impact Corruptions . | . . . . . . Robots Melted . | . . . . . . Combat Hostiles . | . . . . . . Parts Melted . | . . . . . . Heat Transferred 814 | . . . . . 814 Parts Sabotaged . | . . . . . . Parts Stolen . | . . . . . . Parts Stripped . | . . . . . . Power Chain Reactions . | . . . . . . Missiles Intercepted . | . . . . . . Alert | -11 -10 -10 -10 -9 -8 ------- Run | Scr Mat Min Exi Min Mat Peak Influence 289 | . 276 83 . 78 289 Initial 58 | . . 58 . . 29 Average 79 | . 95 68 . 47 94 Maximum Alert Level 1 | . 1 . . . 1 Low Security (%) 90 | . 86 100 . 100 78 Level 1 9 | . 13 . . . 21 Level 2 . | . . . . . . Level 3 . | . . . . . . Level 4 . | . . . . . . Level 5 . | . . . . . . High Security . | . . . . . . Max Security . | . . . . . . Squads Dispatched 4 | . 1 . . . 3 Investigation . | . . . . . . Extermination . | . . . . . . Reinforcement 4 | . 1 . . . 3 Assault . | . . . . . . Garrison . | . . . . . . Intercept . | . . . . . . Construction Impeded 1 | . . . . . 1 Haulers Reinforced . | . . . . . . Active Scanning Responses . | . . . . . . Cargo Convoy Interrupts . | . . . . . . Stealth | -11 -10 -10 -10 -9 -8 --------- Run | Scr Mat Min Exi Min Mat Distress Signals 7 | . 1 . . . 6 Communications Jammed . | . . . . . . Distress Signals . | . . . . . . Times Spotted 58 | . 16 12 . 3 27 Peak Tracking Total 11 | . 3 9 . 3 11 Tactical Retreats 1 | . . 1 . . . Traps | -11 -10 -10 -10 -9 -8 ------- Run | Scr Mat Min Exi Min Mat Traps Triggered . | . . . . . . Indirectly . | . . . . . . Trap Hack Attempts . | . . . . . . Triggered . | . . . . . . Disarmed . | . . . . . . Reprogrammed . | . . . . . . Reused . | . . . . . . Traps Extracted . | . . . . . . Installed . | . . . . . . Triggered . | . . . . . . Machines | -11 -10 -10 -10 -9 -8 ---------- Run | Scr Mat Min Exi Min Mat Machines Disabled 2 | . . 1 . . 1 Max in Single Turn 1 | . . 1 . . 1 Machines Sabotaged . | . . . . . . Garrisons Compromised . | . . . . . . Overloaded Fab Kills . | . . . . . . Fab Network Shutdowns . | . . . . . . Hacking | -11 -10 -10 -10 -9 -8 --------- Run | Scr Mat Min Exi Min Mat Machines Accessed 4 | . 3 . 1 . . Terminals 3 | . 3 . . . . Fabricators . | . . . . . . Repair Stations . | . . . . . . Recycling Units . | . . . . . . Scanalyzers . | . . . . . . Garrison Access . | . . . . . . Total Hacks 8 | . 6 . 2 . . Successful 5 | . 3 . 2 . . Failed 3 | . 3 . . . . Catastrophic . | . . . . . . Database Lockouts . | . . . . . . Manual 4 | . 4 . . . . Terminals 6 | . 6 . . . . Fabricators . | . . . . . . Repair Stations . | . . . . . . Recycling Units . | . . . . . . Scanalyzers . | . . . . . . Garrison Access . | . . . . . . Terminal Hacks 4 | . 2 . 2 . . Record 2 | . . . 2 . . Level Access Points 1 | . 1 . . . . Terminal Index 1 | . 1 . . . . Fabricator Hacks . | . . . . . . Repair Station Hacks . | . . . . . . Recycling Unit Hacks . | . . . . . . Scanalyzer . | . . . . . . Garrison Access Hacks . | . . . . . . Unauthorized Hacks 1 | . 1 . . . . Terminals 1 | . 1 . . . . Botnet 1 | . 1 . . . . Fabricators . | . . . . . . Repair Stations . | . . . . . . Recycling Units . | . . . . . . Scanalyzers . | . . . . . . Garrison Access . | . . . . . . Data Cores Recovered . | . . . . . . Used . | . . . . . . Hacking Detections 3 | . 3 . . . . Full Trace Events 1 | . 1 . . . . Feedback Events . | . . . . . . Feedback Blocked . | . . . . . . Robot Schematics Acquired . | . . . . . . Robots Built . | . . . . . . Matter . | . . . . . . Time . | . . . . . . Total Robot Build Rating . | . . . . . . Part Schematics Acquired . | . . . . . . Parts Built . | . . . . . . Matter . | . . . . . . Time . | . . . . . . Total Part Build Rating . | . . . . . . Parts Repaired . | . . . . . . Time . | . . . . . . Parts Recycled . | . . . . . . Recycled Matter . | . . . . . . Retrieved Matter . | . . . . . . Retrieved Components . | . . . . . . Parts Scanalyzed . | . . . . . . Part Schematics Acquired . | . . . . . . Parts Damaged . | . . . . . . Bothacking | -11 -10 -10 -10 -9 -8 ------------ Run | Scr Mat Min Exi Min Mat Used RIF Installer . | . . . . . . Robots Hacked . | . . . . . . Non-combat . | . . . . . . Combat . | . . . . . . Robot Hacks Applied . | . . . . . . Relay Couplers Released . | . . . . . . Robots Rewired . | . . . . . . Allies Hacked . | . . . . . . Hacks Repelled . | . . . . . . Allies | -11 -10 -10 -10 -9 -8 -------- Run | Scr Mat Min Exi Min Mat Total Allies 3 | . . . . 3 . Largest Group 3 | . . . . 3 2 Highest-Rated Group 40 | . . . . 40 32 Highest-Rated Ally 16 | . . . . 16 16 Total Orders . | . . . . . . Ally Attacks 19 | . . . . 2 17 Total Damage 238 | . . . . 18 220 Kills 4 | . . . . 1 3 Allies Corrupted . | . . . . . . Allies Melted . | . . . . . . Intel | -11 -10 -10 -10 -9 -8 ------- Run | Scr Mat Min Exi Min Mat Robot Analysis Total . | . . . . . . Derelict Logs Recovered 2 | . . . . 2 . Drone Launches . | . . . . . . Drone Recoveries . | . . . . . . Exploration | -11 -10 -10 -10 -9 -8 ------------- Run | Scr Mat Min Exi Min Mat Turns Passed 2214 | . 607 284 565 394 364 Spaces Moved 1099 | 1 282 151 353 180 132 Core . | . . . . . . Treads 1093 | . 277 151 353 180 132 Legs 6 | 1 5 . . . . Wheels . | . . . . . . Hover . | . . . . . . Flight . | . . . . . . Fastest Speed 120 | 120 120 160 160 160 160 Average Speed 161 | 120 159 160 160 160 171 Slowest Speed 260 | 120 160 160 160 160 260 Overloaded Moves . | . . . . . . Propulsion Burnouts . | . . . . . . Robots Hopped . | . . . . . . Cave-ins Triggered . | . . . . . . Exploration Rate (%) 38 | 2 56 34 69 48 23 Regions Visited 5 Branch Regions 3 Pre-discovered Areas 2 | . . . 1 1 . Known Exits Taken . | . . . . . . Unknown Exits Taken 5 | 1 1 1 1 1 . Scrap Searched 1 | . . . . 1 . Spaces Dug 4 | . . 4 . . . Terrain Destroyed 115 | . . 50 . 20 45 Melee . | . . . . . . Projectile . | . . . . . . AOE 115 | . . 50 . 20 45 Terrain Rammed . | . . . . . . Walls Destroyed . | . . . . . . Machines Disabled . | . . . . . . Actions | -11 -10 -10 -10 -9 -8 --------- Run | Scr Mat Min Exi Min Mat Total 1396 | . 360 185 353 284 214 Wait 152 | . 9 24 . 103 16 Move 1094 | . 281 150 352 179 132 Hop . | . . . . . . Pick Up 11 | . 6 . 1 . 4 Fast Attach 7 | . 2 . . . 5 Attach 10 | . 3 . . . 7 Detach . | . . . . . . Swap 12 | . 4 1 . . 7 Drop 11 | . 8 1 . . 2 Fire 95 | . 47 9 . 2 37 Melee . | . . . . . . Ram . | . . . . . . Kick . | . . . . . . Crush 4 | . . . . . 4 Escape Stasis . | . . . . . . Rewire . | . . . . . . Trap . | . . . . . . Miscellaneous . | . . . . . . Route ------- -11/Scrapyard -10/Materials (discovered 4 exits: Mat x3 / [*Min]) -10/Mines (discovered 3 exits: *Mat x2 / *Exi) -10/Exiles -9/Mines -8/Materials (discovered 1 exit: Fac) History --------- Turn | Location | Event 1 | -11/Scrapyard | Discovered new exit (range 0) 1 | -11/Scrapyard | Entered Materials 311 | -10/Materials | Build established: Mutant 543 | -10/Materials | Identified exit to Materials 564 | -10/Materials | Discovered new exit (range 15) 608 | -10/Materials | Entered Mines 618 | -10/Mines | Discovered exit to Materials (range 12) 718 | -10/Mines | Assembled infested the area 765 | -10/Mines | Discovered exit to Materials (range 10) 794 | -10/Mines | Destroyed 10 combat bots 828 | -10/Mines | Build established: Scavenger-Mutant 884 | -10/Mines | Deemed a non-threat by the Exiles lab entrance 886 | -10/Mines | Discovered new exit (range 5) 892 | -10/Mines | Entered Exiles 936 | -10/Exiles | Met 8R-AWN 958 | -10/Exiles | Met EX-HEX 1025 | -10/Exiles | Met EX-DEC 1035 | -10/Exiles | Learned location of Zion (-7) 1070 | -10/Exiles | Met EX-BIN 1437 | -10/Exiles | Discovered new exit (range 14) 1457 | -10/Exiles | Entered Mines 1463 | -9/Mines | Met a Derelict bent on vengeance 1526 | -9/Mines | Assisted by bots powering up and referring to "LRC-V3" 1585 | -9/Mines | Learned location of 1 exit from Materials 1804 | -9/Mines | Discovered new exit (range 15) 1851 | -9/Mines | Entered Materials 1851 | -8/Materials | Accompanied by 2 allies 1851 | -8/Materials | Evolved 4 slots: Propulsion x1, Utility x2, Weapon x1 1852 | -8/Materials | Identified exit to Factory 2102 | -8/Materials | Lost 3 parts (1n1u1w) 2200 | -8/Materials | Core integrity fell below 50% 2215 | -8/Materials | Self-destructed Last Messages --------------- Shock Rifle destroyed. U-05 Engineer lays Concrete. G-47 Trooper destroyed. W-25 Informer destroyed. G-47 Trooper destroyed. Rocket Launcher destroyed. Destroyed Rocket Launcher. U-05 Engineer lays Concrete. Wheel destroyed. U-05 Engineer builds a Wall. U-05 Engineer lays Concrete. Penetrated by Slug. U-05 Engineer lays Concrete. G-47 Trooper destroyed. U-05 Engineer lays Concrete. Y-45 Defender IFF system glitched. A-02 Transporter sends out distress signal. Penetrated by Slug. U-05 Engineer builds a Wall. Penetrated by Slug. Map ----- +----------------------------------------------------+ | ?????????????????????????????????????????????????? | | ?????????????????????????????????????????????????? | | ?????????????????????????????????????????????????? | | ?????????????????????????????????????????????????? | | ?????????????????????????????????????????????????? | | ?????????????????????????????????????????????????? | | ?????????????????????????????????????????????????? | | ?????????????????????????????????????????????????? | | ?????????????????????????????????????????????????? | | ?????????????????????????????????????????????????? | | ?????????????????????????????????????????????????? | | ?????????????????????????????????????????????????? | | ?????????????????????????????????????????????????? | | ?????????????????????????????????????????????????? | | ?????????????????????????????????????????????????? | | ?????????????????????????????????????????????????? | | ???????????????# ??????????????????????????????? | | ???????????????# ??????????????????????????????? | | ???????????????# #??###????????????????????????? | | ???????????????# #### #######??????????????????? | | ???????????????# ## [ ##?#???????????????? | | ???????????????# T#%""""" #r#######?????????? | | ???????????????# ## ""T"" [ ?????????? | | ????????????"" # ## ????????? | | ???????????""" ##] % ????????? | | ??????????"""" [@[ %=g ????????? | | ??????????"""" g [ % """???????????? | | ???????? """"" Y [ * """???????????? | | ???????? # r h## ""????????????? | | ################ ! u ???????????? | | !! gag ??????????? | | ! % ??????????? | | " ??????????? | | # T % r##### ############???????????? | | # " = ###??##??????????????????????? | | # % " u ##???????????????????????????? | | # "" u ##???????????????????????????? | | # /// """ ###########??????????????????? | | # /// "" % #??????????????????? | | # // %% """ #??????????????????? | | + #??????????????????? | | # % #??????????????????? | | ###########+### #??????????????????? | | ????# % ############# ###########????????? | | ????# #???????????# # #????????? | | ????# #???????????# # #????????? | | ????# #???????????# # ! #????????? | | ????# #??########## # ! #????????? | | ????# #??#! # # """ """ #????????? | | ????# #??# """ + + """ """ #????????? | +----------------------------------------------------+ Best States ------------- Heat Dissipation 45 Energy Generation 10 Energy Capacity 250 Matter Stores 300 Matter Capacity 300 Sight Range 16 Robot Scan Range 15 Terrain Scan Density 10 Armor Coverage 150 Evasion (%) 50 Recoil Reduction 3 Item Schematics ----------------- None Robot Schematics ------------------ None Fabricated ------------ Nothing Alien Tech Used ----------------- None Achievements -------------- None Challenges ------------ None Game ------ Seed NullMakeshiftMicrothruster Manual? 0 Play Time 00:10:59 Cumulative 293.6 hours Start 2021.09.03 @ 22:55:56 End 2021.09.03 @ 23:07:08 Sessions 1 Manual Loads 0 Difficulty Rogue Special Mode None Game No. 337 Rogue 337 Adventurer 0 Explorer 0 Win Type - Total 5 Types 5/0/0/0/0/0/0/0/0 Lore% 70 Gallery% 86 Achievement% 65 Wizard Run 0 Options --------- ASCII 0 Keyboard 0 Movement Mouse Keybinds 1 Fullscreen 2 Font 24/Smallcaps Map View 76x50 Tactical HUD 1 Map Filters NONE Filters NONE Steam 1 RUN: e6cfc1a9-9451-4baa-a2a2-de672c88c29f